AoeStats
← BronzyRex6

Arabia

504302084Analyzed
1v1 RM · 28d ago on Sep 4, 2026· 67m 28s· 2 players
Game mode
Random Map
Map size
Tiny (2 player)
Population
200
Speed
Normal
Resources
Standard
Victory
Conquest
Starting age
Dark Age
Ending age
Imperial Age
RankedLock teamsTeams togetherTeam positionsShared explorationLock speedFull tech treeHidden civsTurbo modeCheats
Victory
Defeat
🇭🇺 Khmer · Hungary
424
+17
🇨🇭 Persians · Switzerland
449
-17
BronzyRex6
0:37 Loom
12:00 Feudal Age
16:39 Castle Age
18:42 Wheelbarrow
34:44 Imperial Age
32:40 Scale Barding Armor
34:39 Hand Cart
37:01 Double Crossbow
38:53 Double-Bit Axe
40:13 Bloodlines
40:04 Husbandry
43:16 Elite Ballista Elephant
44:59 Conscription
49:47 Horse Collar
51:24 Bow Saw
52:52 Chemistry
52:00 Murder Holes
52:27 Masonry
60:07 Chain Barding Armor
59:58 Forging
61:55 Cavalier
66:36 Plate Barding Armor
66:38 Iron Casting
67:22 Light Cavalry
_ridiwan_
8:39 Loom
10:48 Feudal Age
13:56 Fletching
14:03 Fletching
17:42 Castle Age
18:01 Scale Barding Armor
17:55 Double-Bit Axe
18:11 Horse Collar
19:23 Elite Skirmisher
26:22 Pikeman
28:54 Bodkin Arrow
30:19 Gold Mining
31:47 Padded Archer Armor
32:28 Scale Mail Armor
33:58 Leather Archer Armor
41:00 Wheelbarrow
41:00 Ballistics
49:33 Imperial Age
47:57 Chain Mail Armor
47:53 Forging
51:48 Chemistry
51:39 Plate Mail Armor
51:41 Ring Archer Armor
51:47 Iron Casting
51:11 Onager
53:09 Halberdier
64:27 Squires
Connection lost

Rejoining the realm…

Still unreachable

The connection could not be restored.

Session expired

The server has moved on; the page needs a fresh start.